 Dungeon Crawl Stone Soup version 0.14-a0-1576-gf4c5cb9 (webtiles) character file.

205 Mitsuki the Practitioner (level 4, 0/39 HPs)
             Began as a Naga Healer on Dec 21, 2013.
             Was a Believer of Elyvilon.
             Slain by a kobold
             ... wielding a +3,+1 elven short sword of freezing
              (1 damage)
             ... on Level 4 of the Dungeon.
             The game lasted 00:11:41 (1656 turns).

Mitsuki the Practitioner (Naga Healer)              Turns: 1656, Time: 00:11:41

HP   0/39        AC  3     Str 15      XL: 4   Next: 57%
MP   1/8         EV 10     Int 13      God: Elyvilon [**....]
Gold 114         SH  0     Dex 10      Spells:  0 memorised,  3 levels left

rFire  . . .     SeeInvis +     q - +2,+0 mace
rCold  . . .     Clarity  .     a - +1 robe
rNeg   . . .     Conserve .     (no shield)
rPois  +         rCorr    .     (no helmet)
rElec  .         rRot     .     (no cloak)
SustAb . .       Spirit   .     (no gloves)
rMut   .         Warding  .     (no barding)
Saprov . . .     Stasis   .     (no amulet)
                                (no ring)
                                e - ring of regeneration

@: very slow, slightly resistant to hostile enchantments, unstealthy
A: spit poison, see invisible, deformed body, poison resistance, slowness 2, AC
+1
a: Spit Poison, Lesser Healing, Lesser Self-Healing, Divine Protection,
Purification, Renounce Religion


You were on level 4 of the Dungeon.
You worshipped Elyvilon.
Elyvilon was pleased with you.
You were very hungry.

You visited 1 branch of the dungeon, and saw 3 of its levels.

You collected 114 gold pieces.

Inventory:

Hand weapons
 q - a +2,+0 mace (weapon)
Armour
 a - a +1 robe (worn)
Comestibles
 d - 6 bread rations
 g - a meat ration
Scrolls
 i - a scroll of remove curse {unknown}
 j - a scroll of enchant armour {unknown}
 k - 2 scrolls of curse jewellery {unknown}
 m - a scroll of enchant weapon II {unknown}
 n - 3 scrolls of identify {unknown}
 p - a scroll of amnesia {unknown}
 r - a scroll of fog {unknown}
Jewellery
 e - a ring of regeneration (left hand)
 f - an uncursed amulet of warding {unknown}
Potions
 b - 4 potions of curing
 c - a potion of heal wounds
 h - a potion of flight {unknown}
 l - a potion of speed {unknown}
 o - a potion of restore abilities {unknown}


   Skills:
 + Level 2.0 Fighting
 - Level 1.7 Dodging
 - Level 0.4 Unarmed Combat
 + Level 4.9 Invocations


You had 3 spell levels left.
You didn't know any spells.

Dungeon Overview and Level Annotations

Branches:
Dungeon (4/16)
 Temple: D:4-7

Altars:
Kikubaaqudgha


Innate Abilities, Weirdness & Mutations

You cannot wear boots.
You can spit poison.
Your serpentine skin is tough (AC +1).
You have supernaturally acute eyesight.
Armour fits poorly on your strangely shaped body.
Your system is resistant to poisons.
You cover ground very slowly.


Message History

Heal: a gnoll, wielding a spear The light of Elyvilon fails to reach the gnoll.
You feel somewhat more hungry.
The gnoll hits you from afar with a spear.
The gnoll hits you but does no damage.
The kobold throws a dart.
The dart hits you! The gnoll hits you.
The gnoll hits you from afar with a spear.
The gnoll hits you.
The kobold hits you with a glowing elven short sword.
* * * LOW HITPOINT WARNING * * *
The kobold freezes you.
* * * LOW HITPOINT WARNING * * *
The kobold hits you but does no damage. The gnoll hits you.
* * * LOW HITPOINT WARNING * * *
The kobold hits you with an elven short sword of freezing.
* * * LOW HITPOINT WARNING * * *
The kobold freezes you.
You die...

#.# #............ #$#
#.##.....#.#. #.##
#.##.###..... #.##.
#.##.# #..... #.# #.##
#.##.###.#...
#..###.####.##.....###.
#.#...#.......##.### #.
#....g.####.#.##.#####>
#....K@................
#(.gg>.######..........
#.#...## #.#####.##.
#.##.## .... ####
#.##.# #.##### #.##.# #
#.##.# #..... ######


You could see 3 gnolls and a kobold.

Vanquished Creatures
  A worker ant (D:4)
  3 adders (D:2)
  A giant mite (D:1)
  A bat skeleton (D:4)
  5 giant cockroaches
  3 goblins
  4 hobgoblins (D:1)
  3 kobolds
  3 bats (D:2)
  4 giant newts
  8 rats
36 creatures vanquished.

Vanquished Creatures (others)
  A giant newt (D:1)
  A rat (D:1)
2 creatures vanquished.

Grand Total: 38 creatures vanquished

Notes
Turn   | Place    | Note
--------------------------------------------------------------
     0 | D:1      | Mitsuki, the Naga Healer, began the quest for the Orb.
     0 | D:1      | Reached XP level 1. HP: 18/18 MP: 2/2
   142 | D:1      | Reached XP level 2. HP: 25/25 MP: 4/4
   524 | D:1      | Reached skill level 4 in Invocations
   524 | D:1      | Reached XP level 3. HP: 14/31 MP: 2/5
  1308 | D:2      | Found an ancient bone altar of Kikubaaqudgha.
  1410 | D:2      | Reached XP level 4. HP: 23/39 MP: 7/7
  1461 | D:2      | You fall through a shaft!
  1656 | D:4      | HP: 1/39 [kobold/elven short sword of freezing (5)]
  1656 | D:4      | Slain by a kobold

Action                   |  1- 3 |  4- 6 || total
-------------------------+-------+-------++-------
Melee: Unarmed           |   254 |     4 ||   258
       Mace              |       |    14 ||    14
Invok: Lesser Healing    |     3 |     7 ||    10
       Lesser Self-Heali |     2 |     1 ||     3
 Abil: Spit Poison       |     5 |       ||     5
